 Dungeon Crawl Stone Soup version 0.22-a0-605-g9281fa2 (webtiles) character file.

3654 royokou the Cleaver (level 9, -6/77 HPs)
             Began as a Minotaur Monk on July 9, 2018.
             Was a Believer of Makhleb.
             Mangled by a killer bee (7 damage)
             ... on level 8 of the Dungeon.
             The game lasted 00:21:45 (6531 turns).

royokou the Cleaver (Minotaur Monk)                 Turns: 6531, Time: 00:21:46

Health: -6/77      AC: 12    Str: 23    XL:     9   Next: 88%
Magic:  0/8        EV:  8    Int: 11    God:    Makhleb [**....]
Gold:   543        SH:  0    Dex: 13    Spells: 8/8 levels left

rFire    . . .     SeeInvis .   d - +0 battleaxe
rCold    . . .     Gourm    .   (shield currently unavailable)
rNeg     . . .     Faith    .   t - +0 plate armour (curse)
rPois    .         Spirit   +   (helmet restricted)
rElec    .         Reflect  .   s - +1 cloak
rCorr    .         Harm     .   (no gloves)
MR       .....                  (no boots)
Stlth    ..........             r - amulet of guardian spirit
HPRegen  0.22/turn              j - +4 ring of intelligence
MPRegen  0.11/turn              i - +4 ring of strength

@: lethally poisoned (-6 -> -15)
A: retaliatory headbutt, horns 2
a: Minor Destruction, Renounce Religion


You were on level 8 of the Dungeon.
You worshipped Makhleb.
Makhleb was pleased with you.
You were not hungry.

You visited 2 branches of the dungeon, and saw 9 of its levels.

You collected 543 gold pieces.

Inventory:

Hand Weapons
 d - a +0 battleaxe (weapon)
 f - a +2 hand axe of freezing
 l - a +0 great mace
Armour
 b - a +3 chain mail
 s - a +1 cloak (worn)
 t - a cursed +0 plate armour (worn)
 D - a +0 buckler
Jewellery
 i - a +4 ring of strength (right hand)
 j - a +4 ring of intelligence (left hand)
 p - an uncursed amulet of faith
 r - an amulet of guardian spirit (around neck)
Wands
 a - a wand of paralysis (12)
 x - a wand of acid (5)
Scrolls
 e - 3 scrolls of identify
 h - a scroll of teleportation
 k - a scroll of amnesia
 o - 2 scrolls of immolation
 q - 4 scrolls of fear
 u - 6 scrolls of remove curse
 z - 2 scrolls of enchant weapon
Potions
 g - a potion of flight
 m - 2 potions of brilliance
 n - 2 potions of heal wounds
 w - 2 potions of agility
 A - 4 potions of curing
 B - a potion of cancellation
Comestibles
 c - 5 rations


   Skills:
 + Level 6.3 Fighting
 * Level 14.8 Axes
 + Level 5.7 Dodging
 - Level 1.5 Stealth


You had 8 spell levels left.
You didn't know any spells.
Your spell library contained the following spells:

 Spells                   Type           Power        Failure   Level  Hunger
 Magic Dart               Conj           #...         100%        1    ##.....
 Conjure Flame            Conj/Fire      #.......     100%        3    ####...
 Slow                     Hex            #.......     100%        2    ###....
 Mephitic Cloud           Conj/Pois/Air  #.......     100%        3    ####...
 Blink                    Tloc           N/A          100%        2    ###....
 Call Imp                 Summ           #.......     100%        2    ###....


Dungeon Overview and Level Annotations

Branches:
Dungeon (8/15)             Temple (1/1) D:7
   Lair: D:8-11

Altars:
Ashenzari
Cheibriados
Elyvilon
Fedhas
Gozag
Hepliaklqana
Kikubaaqudgha
Makhleb
Okawaru
Qazlal
Ru
Sif Muna
Trog
Uskayaw
Vehumet
Wu Jian
Xom
Yredelemnul
Zin
The Shining One

Shops:
D:6 [**!

Annotations:
D:4 2 transporters, Menkaure
D:7 Joseph


Innate Abilities, Weirdness & Mutations

You reflexively headbutt those who attack you in melee.
You have a pair of horns on your head.


Message History

You feel better.
The killer bee buzzes angrily.
The killer bee closely misses you.
The killer bee stings you but does no damage.
The killer bee closely misses you. The killer bee stings you!
* * * LOW HITPOINT WARNING * * *
The killer bee stings you.
* * * LOW HITPOINT WARNING * * *
You are poisoned.
The killer bee poisons you!
A killer bee comes into view.
The killer bee buzzes angrily.
You feel sick. The killer bee stings you!
* * * LOW HITPOINT WARNING * * *
The killer bee stings you.
* * * LOW HITPOINT WARNING * * *
You are more poisoned.
The killer bee poisons you! The killer bee stings you!
You die...

#...# #...####.# ##
#.). ........# #.#
#.####.......# #.#
#..#.#<.#.... #y#
#.........# #y#
##.##.#..#.#
#.##..#.........
#y#yy#..##.#...#
#†yy@........#...
.....?....#####.#.#
## ######.#.....
.... #....#### # #.
####.. #.## ###


You could see 5 killer bees.

Vanquished Creatures
  Pikel (D:5)
  A queen bee (D:8)
  A troll (D:5)
  Sigmund (D:4)
  Duvessa (D:5)
  A water moccasin (D:7)
  2 sky beasts (D:5)
  A necrophage (D:5)
  An ogre (D:7)
  A centaur (D:6)
  Blork the orc (D:5)
  A bullfrog (D:6)
  Dowan (D:5)
  3 scorpions
  3 wights
  7 killer bees
  3 howler monkeys (D:7)
  2 crimson imps (D:5)
  3 hounds
  3 jellies
  4 orc priests
  A bullfrog skeleton (D:5)
  Ijyb (D:3)
  Natasha (thrice) (D:4)
  2 iguanas
  6 orc wizards
  4 worker ants
  A hound zombie (D:6)
  A howler monkey zombie (D:6)
  A hound skeleton (D:5)
  9 gnolls
  A howler monkey skeleton (D:7)
  13 adders
  An ooze (D:3)
  An adder skeleton (D:5)
  6 worms
  2 dart slugs (D:2)
  5 leopard geckos
  16 orcs
  8 giant cockroaches
  8 hobgoblins
  15 jackals
  9 kobolds
  4 quokkas
  A ball python (D:1)
  6 bats
  7 frilled lizards
  11 goblins
  A jackal skeleton (D:7)
  A leopard gecko skeleton (D:4)
  6 rats
193 creatures vanquished.

Notes
Turn   | Place    | Note
-------+----------+-------------------------------------------
     0 | D:1      | royokou the Minotaur Monk began the quest for the Orb.
     0 | D:1      | Reached XP level 1. HP: 19/19 MP: 0/0
    31 | D:1      | Reached skill level 4 in Axes
    36 | D:1      | Reached XP level 2. HP: 11/26 MP: 1/1
   506 | D:1      | Reached skill level 5 in Axes
   511 | D:1      | Reached XP level 3. HP: 30/31 MP: 2/2
   979 | D:2      | Reached skill level 6 in Axes
   979 | D:2      | Reached XP level 4. HP: 29/39 MP: 3/3
  1116 | D:2      | Found a shimmering altar of Xom.
  1641 | D:3      | Noticed Ijyb
  1650 | D:3      | Paralysed by Ijyb for 2 turns
  1653 | D:3      | Reached XP level 5. HP: 42/45 MP: 4/4
  1655 | D:3      | Paralysed by Ijyb for 5 turns
  1666 | D:3      | Killed Ijyb
  1666 | D:3      | Reached skill level 7 in Axes
  1920 | D:3      | Found a blossoming altar of Fedhas.
  2329 | D:4      | Noticed Sigmund
  2340 | D:4      | Killed Sigmund
  2340 | D:4      | Reached skill level 8 in Axes
  2340 | D:4      | Reached XP level 6. HP: 11/51 MP: 5/5
  2649 | D:4      | Reached skill level 9 in Axes
  2670 | D:4      | Noticed Natasha
  2676 | D:4      | Killed Natasha
  2847 | D:4      | Found a transporter.
  2847 | D:4      | Found a transporter.
  2856 | D:4      | Reached XP level 7. HP: 52/57 MP: 6/6
  2869 | D:4      | Found an ancient bone altar of Kikubaaqudgha.
  2871 | D:4      | Noticed Menkaure
  2877 | D:4      | Found a basalt altar of Yredelemnul.
  3123 | D:4      | Noticed Natasha
  3128 | D:4      | Killed Natasha
  3159 | D:4      | Reached skill level 10 in Axes
  3430 | D:4      | Noticed Natasha
  3436 | D:4      | Killed Natasha
  3443 | D:5      | Entered Level 5 of the Dungeon
  3526 | D:5      | Reached skill level 11 in Axes
  3571 | D:5      | Noticed Pikel
  3590 | D:5      | Killed Pikel
  3590 | D:5      | Reached skill level 12 in Axes
  3590 | D:5      | Reached XP level 8. HP: 63/64 MP: 7/7
  3931 | D:5      | Noticed a troll
  3947 | D:5      | HP: 3/64 [troll (5)]
  3948 | D:5      | Killed a troll
  3948 | D:5      | Reached skill level 13 in Axes
  4337 | D:5      | Noticed Blork the orc
  4342 | D:5      | Noticed Dowan
  4350 | D:5      | Noticed Duvessa
  4353 | D:5      | Killed Blork the orc
  4508 | D:5      | Killed Duvessa
  4519 | D:5      | Killed Dowan
  4519 | D:5      | Reached XP level 9. HP: 51/70 MP: 8/8
  4795 | D:6      | Found Heyziuts's General Store.
  4894 | D:6      | Found an ornate altar of the Wu Jian Council.
  4952 | D:6      | Found Xenk's Armour Emporium.
  5020 | D:6      | Reached skill level 14 in Axes
  5045 | D:6      | Found a stormy altar of Qazlal.
  5142 | D:6      | Found Ucou's Distillery.
  5227 | D:6      | Found Nosav's General Store.
  5750 | D:7      | Found a staircase to the Ecumenical Temple.
  5762 | Temple   | Entered the Ecumenical Temple
  5810 | Temple   | Became a worshipper of Makhleb the Destroyer
  5810 | Temple   | Reached * piety under Makhleb
  5810 | Temple   | Reached ** piety under Makhleb
  5861 | D:7      | Found a hide-covered altar of Uskayaw.
  5888 | D:7      | Reached skill level 5 in Fighting
  5971 | D:7      | Reached skill level 5 in Dodging
  5983 | D:7      | Noticed Joseph
  6513 | D:8      | Noticed a queen bee
  6528 | D:8      | Killed a queen bee
  6531 | D:8      | HP: 2/77 [killer bee (11)]
  6531 | D:8      | Mangled by a killer bee

Vault maps used:
D:1:      lightli_arrival_statuegarden
D:2:      old_standard_altar, first_ration
D:3:      fedhas_altar_4, kennysheep_generic_room_9, uniq_ijyb
D:4:      gammafunk_temple_of_torment, kennysheep_dice, uniq_sigmund,
          uniq_natasha, uniq_menkaure
D:5:      nrook_mini_vaults, uniq_duvessa, uniq_blork_the_orc, uniq_pikel
D:6:      lemuel_crystal_altar, nicolae_overflow_crystal_walls, serial_shops,
          shop, kennysheep_mini, shop, nicolae_shop_statue_plus,
          minmay_misc_feat_nine_boxes
D:7:      old_standard_altar, temple_statues, uniq_joseph
D:8:      nemelex_xobeh_ov_fountains_minmay, david_nohive_1,
          minmay_misc_feat_more_columns, trog_hazing_becter, uniq_prince_ribbit1
Temple:   nicolae_temple_god_jail

Skill      XL: |  1  2  3  4  5  6  7  8  9 |
---------------+----------------------------+-----
Axes           | 4 5 6 8 9 12 13 14 | 14.8
Fighting       | 6 |  6.3
Dodging        | 5 |  5.7
Stealth        | |  1.5

Action                   |  1- 3 |  4- 6 |  7- 9 || total
-------------------------+-------+-------+-------++-------
Melee: Hand axe          |    83 |   151 |   241 ||   475
       Headbutt          |    15 |    29 |    57 ||   101
       Battleaxe         |       |       |    80 ||    80
  Use: Potion            |       |     1 |     1 ||     2
       Scroll            |       |       |    16 ||    16
 Stab: Distracted        |       |       |     1 ||     1
  Eat: Chunk             |       |     6 |     9 ||    15
       Ration            |       |       |     1 ||     1
Armor: Robe              |     5 |       |       ||     5
       Leather armour    |     8 |       |       ||     8
       Chain mail        |     5 |    69 |   159 ||   233
       Plate armour      |       |       |    17 ||    17
Dodge: Dodged            |    59 |    38 |    89 ||   186
Block: Buckler           |       |    11 |    17 ||    28

Table legend:
 A = Spawn XP
 B = Non-spawn XP
 C = Spawn XP percentage of total XP
 D = Spawn monster count
 E = Non-spawn monster count
 F = Spawn count percentage of total count
 G = Total turns spent on level
                    A         B        C        D         E        F      G
               +---------+---------+-------+---------+---------+-------+---------
         Total |       0 |    5221 |   0.0 |       0 |     193 |   0.0 |  6531
               +---------+---------+-------+---------+---------+-------+---------
           D:1 |       0 |      67 |   0.0 |       0 |      33 |   0.0 |   900
           D:2 |       0 |     126 |   0.0 |       0 |      39 |   0.0 |   701
           D:3 |       0 |      99 |   0.0 |       0 |      17 |   0.0 |   629
           D:4 |       0 |     611 |   0.0 |       0 |      20 |   0.0 |  1310
           D:5 |       0 |    1953 |   0.0 |       0 |      27 |   0.0 |  1240
           D:6 |       0 |     668 |   0.0 |       0 |      19 |   0.0 |   930
           D:7 |       0 |    1130 |   0.0 |       0 |      33 |   0.0 |   709
           D:8 |       0 |     567 |   0.0 |       0 |       5 |   0.0 |    27
               +---------+---------+-------+---------+---------+-------+---------
